TOP OF THE 1ST |
Louisiana State Tigers batting - Pitching for Oregon Ducks : RHP Sergio Pérez
|
Pitching: RHP Sergio Pérez
|
|
Batting: RHB Fernando Rodríguez
|
0-0: Called Strike 0-1: Ball 1-1: Swinging Strike 1-2: Ball 2-2: Ball 3-2: Base on Balls
|
Batting: LHB Rick Owens
|
0-0: SINGLE (Flyball, 9LS) Fernando Rodríguez to second Throwing error, E9 Fernando Rodríguez scores Rick Owens to second
|
Batting: LHB Jerry Flatt
|
0-0: Ball 1-0: Ball Rick Owens is caught stealing 3rd base 2-0: Foul Ball, location: 2F 2-1: Ground out 4-3 (Groundball, 4)
|
Batting: LHB Enrique Carrillo
|
0-0: Called Strike 0-1: Ball 1-1: Ball 2-1: Foul Ball, location: 2F 2-2: Foul Ball, location: 2F 2-2: Ground out 4-3 (Groundball, 4S)
|
Top of the 1st over - 1 run, 1 hit, 1 error, 0 left on base; Louisiana State 1 - Oregon 0 |
BOTTOM OF THE 1ST |
Oregon Ducks batting - Pitching for Louisiana State Tigers : RHP Miguel Casillas
|
Pitching: RHP Miguel Casillas
|
|
Batting: RHB Floyd Turner
|
0-0: Ball 1-0: Called Strike 1-1: SINGLE (Line Drive, 7S)
|
Batting: LHB Mike Sims
|
0-0: Fly out, F8 (Line Drive, 8RXD)
|
Batting: RHB Greg Huggins
|
0-0: Ball 1-0: Called Strike 1-1: Ball 2-1: SINGLE (Groundball, 56D) Floyd Turner to second
|
Batting: RHB Scott Elliott
|
0-0: Ball Passed Ball! Floyd Turner to third Greg Huggins to second 1-0: Called Strike 1-1: Ball 2-1: SINGLE (Flyball, 78S) Floyd Turner scores Greg Huggins to third
|
Batting: LHB Kay Hennessey
|
0-0: Foul Ball, location: 2F 0-1: Swinging Strike 0-2: Foul Ball, location: 2F 0-2: Ball 1-2: SINGLE (Flyball, 8RS) Greg Huggins scores Scott Elliott to second
|
Batting: RHB Ed Hines
|
0-0: Called Strike 0-1: Ball 1-1: 3-RUN HOME RUN (Line Drive, 9LD), Distance : 341 ft
|
Batting: RHB Robin Mitchell
|
0-0: Ground out 6-3 (Groundball, 6)
|
Batting: RHB César Fuentes
|
0-0: SINGLE (Groundball, 6D)
|
Batting: RHB Douglas Turry
|
0-0: Called Strike 0-1: Foul Ball, location: 2F 0-2: Strikes out swinging
|
Bottom of the 1st over - 5 runs, 6 hits, 0 errors, 1 left on base; Louisiana State 1 - Oregon 5 |
TOP OF THE 2ND |
Louisiana State Tigers batting - Pitching for Oregon Ducks : RHP Sergio Pérez
|
Batting: RHB Jonathan Bennett
|
0-0: Foul Ball, location: 2F 0-1: Ball 1-1: Ball 2-1: SINGLE (Line Drive, 3D)
|
Batting: LHB Mark Potter
|
0-0: Foul Ball, location: 2F 0-1: Ball 1-1: Ball 2-1: Foul Ball, location: 2F 2-2: Ball 3-2: DOUBLE (Flyball, 8LXD) Jonathan Bennett to third
|
Batting: RHB Devin Taylor
|
0-0: Ball 1-0: Ball 2-0: Ball 3-0: Called Strike 3-1: Swinging Strike 3-2: Base on Balls
|
Batting: LHB José Soriano
|
0-0: Ball 1-0: Foul Ball, location: 2F 1-1: Ball 2-1: SINGLE (Groundball, 4D) Jonathan Bennett scores Mark Potter to third Devin Taylor to second Runner from 3rd tries for Home, SAFE, no throw
|
Batting: RHB Ethan Ramos
|
0-0: Called Strike 0-1: Fly out, F9 (Flyball, 9LS)
|
Batting: RHB Fernando Rodríguez
|
0-0: Called Strike 0-1: Foul Ball, location: 2F 0-2: Foul Ball, location: 2F 0-2: Strikes out swinging
|
Batting: LHB Rick Owens
|
0-0: Fly out, F7 (Flyball, 78S)
|
Top of the 2nd over - 2 runs, 3 hits, 0 errors, 2 left on base; Louisiana State 3 - Oregon 5 |
BOTTOM OF THE 2ND |
Oregon Ducks batting - Pitching for Louisiana State Tigers : RHP Miguel Casillas
|
Batting: RHB Floyd Turner
|
0-0: Called Strike 0-1: Ball 1-1: Ball 2-1: Swinging Strike 2-2: Foul Ball, location: 2F 2-2: Ball 3-2: Fly out, F7 (Line Drive, 7)
|
Batting: LHB Mike Sims
|
0-0: Ball 1-0: Ball 2-0: Ball 3-0: Called Strike 3-1: DOUBLE (Line Drive, 7LM)
|
Batting: RHB Greg Huggins
|
0-0: Ground out 4-3 (Groundball, 4M) Mike Sims to third
|
Batting: RHB Scott Elliott
|
0-0: Foul Ball, location: 2F 0-1: Ground out 4-3 (Groundball, 4)
|
Bottom of the 2nd over - 0 runs, 1 hit, 0 errors, 1 left on base; Louisiana State 3 - Oregon 5 |
TOP OF THE 3RD |
Louisiana State Tigers batting - Pitching for Oregon Ducks : RHP Sergio Pérez
|
Batting: LHB Jerry Flatt
|
0-0: Ball 1-0: Ball 2-0: Ball 3-0: Base on Balls
|
Batting: LHB Enrique Carrillo
|
0-0: Called Strike 0-1: Called Strike 0-2: Foul Ball, location: 2F 0-2: Ball 1-2: Ball 2-2: Foul Ball, location: 2F 2-2: SINGLE (Flyball, 7LS) Jerry Flatt to second
|
Batting: RHB Jonathan Bennett
|
0-0: Called Strike 0-1: Called Strike 0-2: Strikes out swinging
|
Batting: LHB Mark Potter
|
0-0: Called Strike 0-1: Ball 1-1: Called Strike 1-2: Strikes out looking
|
Batting: RHB Devin Taylor
|
0-0: Fly out, F7 (Flyball, 7S)
|
Top of the 3rd over - 0 runs, 1 hit, 0 errors, 2 left on base; Louisiana State 3 - Oregon 5 |
BOTTOM OF THE 3RD |
Oregon Ducks batting - Pitching for Louisiana State Tigers : RHP Miguel Casillas
|
Batting: LHB Kay Hennessey
|
0-0: Foul Ball, location: 2F 0-1: Ball 1-1: Ground out 3-1 (Groundball, 34S)
|
Batting: RHB Ed Hines
|
0-0: Called Strike 0-1: Ball 1-1: Ball 2-1: Ball 3-1: Called Strike 3-2: Fly out, F8 (Flyball, 8RD)
|
Batting: RHB Robin Mitchell
|
0-0: Called Strike 0-1: Swinging Strike 0-2: Ball 1-2: Foul Ball, location: 2F 1-2: Foul Ball, location: 2F 1-2: Ball 2-2: Ground out 1-3 (Groundball, 13)
|
Bottom of the 3rd over - 0 runs, 0 hits, 0 errors, 0 left on base; Louisiana State 3 - Oregon 5 |
TOP OF THE 4TH |
Louisiana State Tigers batting - Pitching for Oregon Ducks : RHP Sergio Pérez
|
Batting: LHB José Soriano
|
0-0: Fly out, F9 (Flyball, 9LS)
|
Batting: RHB Ethan Ramos
|
0-0: Called Strike 0-1: Ball 1-1: Swinging Strike 1-2: Strikes out looking
|
Batting: RHB Fernando Rodríguez
|
0-0: Ground out 6-3 (Groundball, 56)
|
Top of the 4th over - 0 runs, 0 hits, 0 errors, 0 left on base; Louisiana State 3 - Oregon 5 |
BOTTOM OF THE 4TH |
Oregon Ducks batting - Pitching for Louisiana State Tigers : RHP Miguel Casillas
|
Batting: RHB César Fuentes
|
0-0: Ball 1-0: Ball 2-0: DOUBLE (Flyball, 89D)
|
Batting: RHB Douglas Turry
|
0-0: Called Strike 0-1: Fly out, F6 (Line Drive, 6)
|
Batting: RHB Floyd Turner
|
0-0: Ground out 5-3 (Groundball, 5)
|
Batting: LHB Mike Sims
|
0-0: Called Strike 0-1: Ball 1-1: 2-RUN HOME RUN (Flyball, 89XD), Distance : 390 ft
|
Batting: RHB Greg Huggins
|
0-0: Called Strike 0-1: Ball 1-1: Ground out 5-3 (Groundball, 5)
|
Bottom of the 4th over - 2 runs, 2 hits, 0 errors, 0 left on base; Louisiana State 3 - Oregon 7 |
TOP OF THE 5TH |
Louisiana State Tigers batting - Pitching for Oregon Ducks : LHP Richard Taylor
|
Pitching: LHP Richard Taylor
|
|
Batting: LHB Rick Owens
|
0-0: Foul Ball, location: 2F 0-1: SINGLE (Line Drive, 4MD)
|
Batting: LHB Jerry Flatt
|
0-0: Foul Ball, location: 2F 0-1: Hit by Pitch Rick Owens to second
|
Batting: LHB Enrique Carrillo
|
0-0: Ball 1-0: Called Strike 1-1: Ball 2-1: Ball 3-1: Fly out, F5 (Popup, 25F)
|
Batting: RHB Jonathan Bennett
|
0-0: Ball 1-0: Foul Ball, location: 2F 1-1: Foul Ball, location: 2F 1-2: Ball 2-2: SINGLE (Line Drive, 6M) Rick Owens to third Jerry Flatt to second
|
Batting: LHB Mark Potter
|
0-0: Called Strike 0-1: Ball 1-1: Ball 2-1: Swinging Strike 2-2: Foul Ball, location: 2F 2-2: Ball 3-2: Foul Ball, location: 2F 3-2: Base on Balls Rick Owens scores Jerry Flatt to third Jonathan Bennett to second
|
Batting: RHB Devin Taylor
|
0-0: Called Strike 0-1: Fielders Choice at 2nd, 3-6 (Groundball, 34) Jerry Flatt scores Jonathan Bennett to third
|
Batting: LHB José Soriano
|
0-0: Called Strike 0-1: Hit by Pitch Devin Taylor to second
|
Batting: RHB Ethan Ramos
|
0-0: Ball 1-0: Ball 2-0: Foul Ball, location: 2F 2-1: Foul Ball, location: 2F 2-2: Ground out 4-3 (Groundball, 4)
|
Top of the 5th over - 2 runs, 2 hits, 0 errors, 3 left on base; Louisiana State 5 - Oregon 7 |
BOTTOM OF THE 5TH |
Oregon Ducks batting - Pitching for Louisiana State Tigers : RHP Miguel Casillas
|
Batting: RHB Scott Elliott
|
0-0: Ball 1-0: Ball 2-0: Foul Ball, location: 2F 2-1: Ball 3-1: Base on Balls
|
Pitching: RHP Bartolo Cantú
|
|
Batting: LHB Kay Hennessey
|
0-0: Ball 1-0: Ball 2-0: Called Strike 2-1: Called Strike 2-2: Ball 3-2: Base on Balls Scott Elliott to second
|
Batting: RHB Ed Hines
|
0-0: Ball 1-0: Ball 2-0: Foul Ball, location: 2F 2-1: Ball 3-1: 3-RUN HOME RUN (Flyball, 7D), Distance : 343 ft
|
Batting: RHB Robin Mitchell
|
0-0: Called Strike 0-1: Foul Ball, location: 2F 0-2: Ball 1-2: Strikes out swinging
|
Batting: RHB César Fuentes
|
0-0: Called Strike 0-1: Called Strike 0-2: Strikes out swinging
|
Batting: RHB Douglas Turry
|
0-0: Ball 1-0: Ball 2-0: DOUBLE (Groundball, 5L)
|
Batting: RHB Floyd Turner
|
0-0: Ground out U3 (Groundball, 34)
|
Bottom of the 5th over - 3 runs, 2 hits, 0 errors, 1 left on base; Louisiana State 5 - Oregon 10 |
TOP OF THE 6TH |
Louisiana State Tigers batting - Pitching for Oregon Ducks : LHP Richard Taylor
|
Batting: RHB Fernando Rodríguez
|
0-0: Foul Ball, location: 2F 0-1: Called Strike 0-2: Strikes out swinging, 2-3 out at first.
|
Batting: LHB Rick Owens
|
0-0: Called Strike 0-1: Fly out, F8 (Flyball, 8RM)
|
Batting: LHB Jerry Flatt
|
0-0: Foul Ball, location: 2F 0-1: SINGLE (Groundball, 3D)
|
Batting: LHB Enrique Carrillo
|
0-0: Called Strike 0-1: 2-RUN HOME RUN (Flyball, 78XD), Distance : 380 ft
|
Pitching: RHP Roy Wellon
|
|
Batting: RHB Jonathan Bennett
|
0-0: Called Strike 0-1: Fly out, F9 (Flyball, 9D)
|
Top of the 6th over - 2 runs, 2 hits, 0 errors, 0 left on base; Louisiana State 7 - Oregon 10 |
BOTTOM OF THE 6TH |
Oregon Ducks batting - Pitching for Louisiana State Tigers : RHP Bartolo Cantú
|
Pitching: RHP Cecil De La Garza
|
|
Batting: LHB Mike Sims
|
0-0: Ball 1-0: Ball 2-0: Ball 3-0: Called Strike 3-1: Base on Balls
|
Batting: RHB Greg Huggins
|
0-0: Swinging Strike 0-1: Called Strike 0-2: Ball 1-2: Foul Ball, location: 2F 1-2: Foul Ball, location: 2F 1-2: Ball 2-2: Foul Ball, location: 2F 2-2: Strikes out swinging
|
Batting: RHB Scott Elliott
|
0-0: Ball Mike Sims is caught stealing 2nd base 1-0: Ball 2-0: Foul Ball, location: 2F 2-1: Fly out, F9 (Line Drive, 9LM)
|
Bottom of the 6th over - 0 runs, 0 hits, 0 errors, 0 left on base; Louisiana State 7 - Oregon 10 |
TOP OF THE 7TH |
Louisiana State Tigers batting - Pitching for Oregon Ducks : RHP Roy Wellon
|
Batting: LHB Mark Potter
|
0-0: Ball 1-0: Called Strike 1-1: Ball 2-1: Foul Ball, location: 2F 2-2: Foul Ball, location: 2F 2-2: Hit by Pitch
|
Batting: RHB Devin Taylor
|
0-0: Ball 1-0: Ball Mark Potter steals 2nd base 2-0: Called Strike 2-1: Ball 3-1: Fly out, F9 (Line Drive, 89M)
|
Batting: LHB José Soriano
|
0-0: Called Strike 0-1: Ground out 4-3 (Groundball, 4M) Mark Potter to third
|
Pitching: LHP Leon Holliday
|
|
Batting: RHB Ethan Ramos
|
0-0: Called Strike 0-1: Ball 1-1: Ball 2-1: Foul Ball, location: 2F 2-2: 2-RUN HOME RUN (Flyball, 9LD), Distance : 330 ft
|
Batting: RHB Fernando Rodríguez
|
0-0: Called Strike 0-1: Foul Ball, location: 2F 0-2: Ball 1-2: Strikes out swinging
|
Top of the 7th over - 2 runs, 1 hit, 0 errors, 0 left on base; Louisiana State 9 - Oregon 10 |
BOTTOM OF THE 7TH |
Oregon Ducks batting - Pitching for Louisiana State Tigers : RHP Cecil De La Garza
|
Batting: LHB Kay Hennessey
|
0-0: Called Strike 0-1: Called Strike 0-2: Ball 1-2: Foul Ball, location: 2F 1-2: Ball 2-2: Ball 3-2: Foul Ball, location: 2F 3-2: Base on Balls
|
Batting: RHB Ed Hines
|
0-0: Swinging Strike 0-1: Ball 1-1: Ball 2-1: Foul Ball, location: 2F 2-2: Ball 3-2: Foul Ball, location: 2F 3-2: Base on Balls Kay Hennessey to second
|
Batting: RHB Robin Mitchell
|
0-0: Ground out 6-3 (Groundball, 6S) Kay Hennessey to third Ed Hines to second
|
Batting: RHB César Fuentes
|
0-0: Intentional Walk
|
Batting: RHB Douglas Turry
|
0-0: Ball 1-0: Ball 2-0: Ball 3-0: Called Strike 3-1: Grounds into fielders choice 1-2 (Groundball, 13) Ed Hines to third César Fuentes to second
|
Batting: RHB Floyd Turner
|
0-0: Ball 1-0: Ground out 4-3 (Groundball, 4D)
|
Bottom of the 7th over - 0 runs, 0 hits, 0 errors, 3 left on base; Louisiana State 9 - Oregon 10 |
TOP OF THE 8TH |
Louisiana State Tigers batting - Pitching for Oregon Ducks : LHP Leon Holliday
|
Batting: LHB Rick Owens
|
0-0: Called Strike 0-1: Foul Ball, location: 2F 0-2: Strikes out swinging
|
Batting: LHB Jerry Flatt
|
0-0: Called Strike 0-1: Swinging Strike 0-2: Foul Ball, location: 2F 0-2: Ball 1-2: Ball 2-2: Strikes out looking
|
Batting: LHB Enrique Carrillo
|
0-0: Foul Ball, location: 2F 0-1: Called Strike 0-2: Strikes out swinging
|
Top of the 8th over - 0 runs, 0 hits, 0 errors, 0 left on base; Louisiana State 9 - Oregon 10 |
BOTTOM OF THE 8TH |
Oregon Ducks batting - Pitching for Louisiana State Tigers : RHP Cecil De La Garza
|
Batting: LHB Mike Sims
|
0-0: Called Strike 0-1: Ball 1-1: Foul Ball, location: 2F 1-2: Strikes out looking
|
Batting: RHB Greg Huggins
|
0-0: SINGLE (Groundball, 6MD)
|
Batting: RHB Scott Elliott
|
0-0: Called Strike 0-1: Ball 1-1: Foul Ball, location: 2F 1-2: Ball 2-2: Strikes out swinging
|
Batting: LHB Kay Hennessey
|
0-0: Foul Ball, location: 2F 0-1: Ball 1-1: Ball 2-1: Ball 3-1: Called Strike 3-2: Base on Balls Greg Huggins to second
|
Batting: RHB Ed Hines
|
0-0: Ball 1-0: Ball 2-0: Foul Ball, location: 2F 2-1: Foul Ball, location: 2F 2-2: Fly out, F6 (Line Drive, 6M)
|
Bottom of the 8th over - 0 runs, 1 hit, 0 errors, 2 left on base; Louisiana State 9 - Oregon 10 |
TOP OF THE 9TH |
Louisiana State Tigers batting - Pitching for Oregon Ducks : LHP Leon Holliday
|
Pitching: RHP Jason McBride
|
|
Batting: RHB Jonathan Bennett
|
0-0: Called Strike 0-1: Ground out 5-3 (Groundball, 56S)
|
Batting: LHB Mark Potter
|
0-0: Ball 1-0: Ball 2-0: Ball 3-0: Called Strike 3-1: Foul Ball, location: 2F 3-2: Foul Ball, location: 2F 3-2: Foul Ball, location: 2F 3-2: Fly out, F7 (Flyball, 7)
|
Batting: RHB Devin Taylor
|
0-0: Swinging Strike 0-1: Ball 1-1: Ball 2-1: Swinging Strike 2-2: Ball 3-2: SINGLE (Groundball, 4MD)
|
Batting: LHB José Soriano
|
0-0: Ball 1-0: Foul Ball, location: 2F 1-1: Fly out, F8 (Flyball, 8LM)
|
Top of the 9th over - 0 runs, 1 hit, 0 errors, 1 left on base; Louisiana State 9 - Oregon 10 |
|